 Dungeon Crawl Stone Soup version 0.26-a0-712-ga5a9c9c9d0 (webtiles) character file.

Game seed: 7599626822847930282

4874 Drevant2 the Severer (level 10, -6/74 HPs)
             Began as a Hill Orc Gladiator on Oct 31, 2020.
             Mangled by a death yak (20 damage)
             ... on level 8 of the Dungeon.
             The game lasted 00:30:55 (14796 turns).

Drevant2 the Severer (Hill Orc Gladiator)          Turns: 14796, Time: 00:30:55

Health: -6/74      AC: 14    Str: 21    XL:     10   Next: 50%
Magic:  10/10      EV: 11    Int:  8    God:
Gold:   539        SH:  0    Dex: 12    Spells: 9/9 levels left

rFire    + . .     SeeInvis +   a - +1 war axe
rCold    . . .     Faith    .   (no shield)
rNeg     . . .     Spirit   .   q - +1 scale mail
rPois    .         Reflect  .   r - +0 helmet
rElec    .         Harm     .   (no cloak)
rCorr    .         Rampage  .   (no gloves)
MR       .....                  y - +2 pair of boots {Stlth+}
Stlth    +.........             (no amulet)
HPRegen  0.22/turn              h - ring of protection from fire
MPRegen  0.12/turn              i - ring of see invisible

@: no status effects
A: no striking features
a: no special abilities


You were on level 8 of the Dungeon.
You visited 2 branches of the dungeon, and saw 10 of its levels.

You collected 539 gold pieces.

Inventory:

Hand Weapons
 a - a +1 war axe (weapon)
Armour
 b - a +0 leather armour
 c - a +0 helmet
 q - a +1 scale mail (worn)
 r - a +0 helmet (worn)
 y - a +2 pair of boots of stealth (worn)
Jewellery
 h - a ring of protection from fire (left hand)
 i - a ring of see invisible (right hand)
Wands
 d - a wand of acid (23)
 x - a wand of digging (4)
Scrolls
 e - 6 scrolls of identify
 g - 2 scrolls of amnesia
 j - a scroll of blinking
 k - a scroll of magic mapping
 l - 9 scrolls of remove curse
 m - 2 scrolls of fear
 n - a scroll of noise
 t - a scroll of enchant weapon
 v - a scroll of enchant armour
Potions
 p - 2 potions of curing
 s - a potion of flight
 w - a potion of mutation


   Skills:
 - Level 2.4 Fighting
 * Level 15.5 Axes
 - Level 1.7 Throwing
 * Level 9.2 Armour
 - Level 2.4 Dodging
 - Level 1.4 Stealth


You had 9 spell levels left.
You didn't know any spells.
Your spell library contained the following spells:

 Spells                   Type           Power        Failure   Level
 Animate Skeleton         Necr           #.....       71%         1
 Apportation              Tloc           #.....       71%         1
 Corona                   Hex            #......      71%         1
 Summon Small Mammal      Summ           #...         71%         1


Dungeon Overview and Level Annotations

Branches:
Dungeon (9/15)             Temple (1/1) D:6            Lair (0/6) D:8
    Orc: D:9-12

Altars:
Ashenzari
Cheibriados
Dithmenos
Elyvilon
Fedhas
Gozag
Hepliaklqana
Kikubaaqudgha
Makhleb
Nemelex Xobeh
Okawaru
Qazlal
Ru
Sif Muna
Trog
Uskayaw
Vehumet
Wu Jian
Xom
Yredelemnul
Zin
The Shining One

Shops:
D:9 [

Annotations:
D:3 2 transporters, twist's ghost, amateur VSEn
D:5 Edmund
D:9 Erica


Message History

You hit the death yak but do no damage.
The death yak is moderately wounded.
The death yak completely misses you.
You are confused.
You feel invigorated. The death yak gores you!
* * * LOW HITPOINT WARNING * * *
You closely miss the death yak.
The death yak is moderately wounded.
You closely miss the death yak.
The death yak is moderately wounded.
The death yak barely misses you.
You slash the death yak!
The death yak is heavily wounded.
You feel less invigorated.
You feel less confused.
The death yak gores you but does no damage.
You hit the death yak but do no damage.
The death yak is heavily wounded.
The death yak gores you!!
You die...

####### ############# #####.....#
#............
#.........##########.###########
#.......(.....Y@.....(..........
##..##..)..##########.......###.#
....##.....## #######.# #.#
###.........# #.# #.#
..#.####..Y.#### #.# #.# ..#.#
#.......####### #.# #.#
#.#.####.......#.....######.###.#
..#>...........'.................
......##.......#.....##.........#


You could see a death yak.

Vanquished Creatures
  A death yak (D:8)
  Pikel (D:4)
  Maggie (D:7)
  A troll (D:9)
  2 water moccasins
  2 orc warriors (D:8)
  A hornet zombie (D:7)
  An ice beast (D:8)
  A black bear (D:7)
  4 centaurs
  3 ogres
  2 lemures (D:4)
  A big kobold (D:7)
  2 bullfrogs (D:8)
  A scorpion (D:4)
  6 killer bees
  3 howler monkeys (D:8)
  A centaur zombie (D:8)
  2 bullfrog skeletons
  8 hounds
  A jelly (D:5)
  6 orc priests
  6 orc wizards
  4 iguanas
  4 worker ants
  14 gnolls
  17 adders
  2 shadow imps
  A white imp (D:5)
  An ufetubus (D:8)
  2 adder skeletons
  An adder zombie (D:8)
  2 worms
  9 leopard geckos
  35 orcs
  2 ball pythons
  4 bats
  7 giant cockroaches
  4 goblins
  7 hobgoblins
  14 jackals
  10 kobolds
  4 quokkas
  6 frilled lizards
  A quokka skeleton (D:6)
  3 rats
211 creatures vanquished.

Vanquished Creatures (others)
  An orc wizard (D:7)
  An orc (D:7)
  7 plants (D:6)
9 creatures vanquished.

Grand Total: 220 creatures vanquished

Notes
Turn   | Place    | Note
-------+----------+-------------------------------------------
     0 | D:1      | Drevant2 the Hill Orc Gladiator began the quest for the
                  | Orb.
     0 | D:1      | Reached XP level 1. HP: 18/18 MP: 1/1
   222 | D:1      | Reached XP level 2. HP: 24/25 MP: 2/2
   705 | D:2      | Reached skill level 5 in Axes
   918 | D:2      | Found a sparkling altar of Nemelex Xobeh.
   992 | D:2      | You fall into a shaft and drop 2 floors!
  1034 | D:4      | Reached XP level 3. HP: 9/30 MP: 3/3
  1326 | D:4      | Reached skill level 6 in Axes
  1326 | D:4      | Reached XP level 4. HP: 23/37 MP: 4/4
  1609 | D:4      | Reached skill level 7 in Axes
  1609 | D:4      | Reached XP level 5. HP: 16/42 MP: 5/5
  1998 | D:4      | Reached skill level 8 in Axes
  2475 | D:3      | Found a transporter.
  2477 | D:3      | Found a transporter.
  2478 | D:3      | Noticed twist's ghost (amateur VSEn)
  2539 | D:3      | Reached XP level 6. HP: 13/50 MP: 6/6
  2557 | D:3      | HP: 3/75 [poisoned by an adder]
  2563 | D:3      | HP: 3/75 [poisoned by an adder]
  3947 | D:2      | Reached skill level 9 in Axes
  4554 | D:3      | You fall into a shaft and drop 2 floors!
  4554 | D:5      | Entered Level 5 of the Dungeon
  4554 | D:5      | Noticed Pikel
  5841 | D:5      | Reached XP level 7. HP: 48/56 MP: 7/7
  6141 | D:4      | Reached skill level 10 in Axes
  6423 | D:5      | Noticed Edmund
  6953 | D:4      | Killed Pikel
  6953 | D:4      | Reached skill level 12 in Axes
  6953 | D:4      | Reached skill level 1 in Stealth
  6953 | D:4      | Reached XP level 8. HP: 32/62 MP: 8/8
  7268 | D:6      | Reached skill level 1 in Armour
  7583 | D:6      | Found a staircase to the Ecumenical Temple.
  7941 | Temple   | Entered the Ecumenical Temple
  9510 | D:7      | Reached skill level 13 in Axes
  9754 | D:7      | Reached XP level 9. HP: 60/68 MP: 9/9
  9903 | D:7      | Reached skill level 5 in Armour
 10107 | D:7      | Noticed Maggie
 10135 | D:7      | Killed Maggie
 10454 | D:8      | Reached skill level 14 in Axes
 11899 | D:8      | Reached XP level 10. HP: 57/74 MP: 10/10
 12370 | D:8      | Found a staircase to the Lair.
 12372 | D:8      | Noticed a death yak
 12375 | D:8      | Noticed a death yak
 12463 | D:9      | Found Cadgh's Antique Armour Shoppe.
 12689 | D:9      | Noticed Erica
 12828 | D:9      | Reached skill level 15 in Axes
 13174 | D:8      | Noticed a death yak
 13544 | D:8      | Noticed a death yak
 13544 | D:8      | Noticed a death yak
 13546 | D:8      | Noticed a death yak
 13670 | D:8      | Killed a death yak
 14796 | D:8      | Mangled by a death yak

Illustrated notes

Levels and vault maps discovered:
D:1:      mushboom_english_gardens, layout_basic, minmay_pentomino_s4
D:2:      layout_basic, nicolae_overflow_hidden_temple, due_unseen_surprise
D:3:      minmay_general_purpose_star, layout_loops_ring,
          gammafunk_ghost_mausoleum, patterned_corridor
D:4:      layout_basic
D:5:      layout_rooms, uniq_edmund, uniq_pikel
D:6:      layout_basic, lemuel_temple_firewalk_b, minmay_misc_feat_plants,
          minmay_lizard_king
D:7:      layout_rooms, st_stairs_7, uniq_maggie
D:8:      layout_basic, dpeg_lair_monsters
D:9:      layout_cave_pods, serial_shops, kennysheep_mini_moat,
          kennysheep_cross_bottleneck, uniq_erica
Temple:   kilobyte_greek_temple

Skill      XL: |  1  2  3  4  5  6  7  8  9 10 |
---------------+-------------------------------+-----
Axes           | 5 6 7 8 9 12 13 14 15 | 15.5
Stealth        | 1 |  1.4
Armour         | 4 7 9 |  9.2
Fighting       | |  2.4
Throwing       | |  1.7
Dodging        | |  2.4

Action                   |  1- 3 |  4- 6 |  7- 9 | 10-12 || total
-------------------------+-------+-------+-------+-------++-------
Melee: War axe           |    58 |   212 |   445 |   159 ||   874
Throw: Throwing net      |       |     6 |     2 |       ||     8
       Javelin           |       |       |       |     3 ||     3
  Use: Potion            |     3 |     3 |     5 |     4 ||    15
       Scroll            |       |       |    10 |    10 ||    20
 Stab: Sleeping          |       |     1 |       |       ||     1
       Held in net/web   |       |       |     2 |       ||     2
Armor: Leather armour    |    15 |    47 |       |       ||    62
       Scale mail        |       |     7 |   158 |    52 ||   217
Dodge: Dodged            |    46 |   143 |   219 |    70 ||   478

Table legend: (Time is in decaauts)
 A = Elapsed time spent in this place.
 B = Non-inter-level travel time spent in this place.
 C = Inter-level travel time spent in this place.
 D = Time resting spent in this place.
 E = Time spent auto-exploring this place.
 F = Levels seen in this place.
 G = Mean time per level.
                   A        B        C        D        E       F      G
               +--------+--------+--------+--------+--------+-----+--------+
         Total |  14767 |  12363 |   2404 |   5988 |   4196 |  10 | 1476.7 |
       Dungeon |  14600 |  12219 |   2381 |   5988 |   4063 |   9 | 1622.2 |
        Temple |    167 |    144 |     23 |      0 |    133 |   1 |  167.0 |
               +--------+--------+--------+--------+--------+-----+--------+

Top non-repeatable levels by time:
     D:6: 2629 daAuts
     D:4: 2588 daAuts
     D:3: 1952 daAuts
     D:8: 1942 daAuts
     D:7: 1923 daAuts
     D:2: 1176 daAuts
     D:9: 877 daAuts
     D:1: 822 daAuts
     D:5: 687 daAuts
  Temple: 167 daAuts
